 Dungeon Crawl Stone Soup version 0.20.1-1-g8b1a95d (webtiles) character file.

147 polve the Chopper (level 5, 0/38 HPs)
             Began as a Demonspawn Gladiator on July 13, 2017.
             Succumbed to an adder's poison
             ... on level 3 of the Dungeon.
             The game lasted 00:01:56 (2279 turns).

polve the Chopper (Demonspawn Gladiator)            Turns: 2279, Time: 00:01:56

Health: 0/38       AC:  4    Str: 15    XL:     5   Next: 7%
Magic:  5/5        EV: 12    Int: 10    God:
Gold:   42         SH:  0    Dex: 14    Spells: 4/4 levels left

rFire    . . .     SeeInvis .   a - +0 war axe
rCold    . . .     Gourm    .   (no shield)
rNeg     . . .     Faith    .   b - +0 leather armour
rPois    .         Spirit   .   c - +0 helmet
rElec    .         Reflect  .   (no cloak)
rCorr    .         Harm     .   (no gloves)
MR       .....                  (no boots)
Stlth    ++........             (no amulet)
Regen    0.2/turn               (no ring)
MPRegen  0.1/turn               (no ring)

@: lethally poisoned (0 -> -2)
A: nightstalker 1, rot immunity
a: no special abilities


You were on level 3 of the Dungeon.
You were hungry.

You visited 1 branch of the dungeon, and saw 3 of its levels.

You collected 42 gold pieces.

Inventory:

Hand Weapons
 a - a +0 war axe (weapon)
Missiles
 d - 4 throwing nets (quivered)
Armour
 b - a +0 leather armour (worn)
 c - a +0 helmet (worn)
Scrolls
 e - 2 scrolls of identify {unknown}
 g - a scroll of noise {unknown}
 j - a scroll of enchant armour {unknown}
 n - a scroll of fear {unknown}
Potions
 h - a potion of curing {unknown}
 i - a potion of lignification {unknown}
 m - a potion of cancellation {unknown}
Comestibles
 f - 3 bread rations
 k - 6 chunks of flesh
 l - 2 fruits


   Skills:
 - Level 2.0 Fighting
 + Level 5.3 Axes
 - Level 1.7 Throwing
 - Level 2.6 Dodging


You had 4 spell levels left.
You didn't know any spells.

Dungeon Overview and Level Annotations

Branches:
Dungeon (3/15)

Altars:


Innate Abilities, Weirdness & Mutations

You are slightly more attuned to the shadows.
You are immune to rotting.


Message History

The adder bites you but does no damage.
You hit the adder.
The adder is heavily wounded.
You feel sick.
The adder bites you but does no damage. x2
Some of the chunks of flesh in your inventory have rotted away.
You hit the adder but do no damage.
The adder is heavily wounded.
The adder bites you.
* * * LOW HITPOINT WARNING * * *
You barely miss the adder.
The adder is heavily wounded.
The adder bites you.
* * * LOW HITPOINT WARNING * * *
The adder bites you but does no damage.
You miss the adder.
The adder is heavily wounded.
The adder misses you.
You miss the adder.
The adder is heavily wounded.
You die...

.........##.......##..........#
.........########..####.......#
.......#.# ##.## #.......#
......##.# #..###.......#
.....###.# ##...#.......#
.....###..## ###..)..#####
......# #...#############...#
......# #.....?.....# ###....
......#######...@S....# ####.
.......................
#...##########........# #####
#........# ##########


You could see an adder.

Vanquished Creatures
  Jessica (D:2)
  A worker ant (D:3)
  An adder (D:3)
  An ooze (D:3)
  6 dart slugs
  3 leopard geckos (D:2)
  3 giant cockroaches
  11 goblins
  6 hobgoblins
  9 jackals
  A ball python (D:3)
  A bat (D:2)
  7 frilled lizards
  10 kobolds
  5 rats
66 creatures vanquished.

Notes
Turn   | Place    | Note
-------+----------+-------------------------------------------
     0 | D:1      | polve the Demonspawn Gladiator began the quest for the Orb.
     0 | D:1      | Reached XP level 1. HP: 16/16 MP: 1/1
    10 | D:1      | Reached skill level 3 in Axes
   136 | D:1      | Gained mutation: You are immune to rotting. [demonic ancestry]
   136 | D:1      | Reached XP level 2. HP: 22/22 MP: 2/2
   686 | D:1      | Reached XP level 3. HP: 27/27 MP: 3/3
   772 | D:1      | You fall through a shaft!
   843 | D:2      | Reached skill level 4 in Axes
  1154 | D:2      | Noticed Jessica
  1162 | D:2      | Killed Jessica
  1162 | D:2      | Reached XP level 4. HP: 3/33 MP: 4/4
  2058 | D:3      | Reached skill level 5 in Axes
  2071 | D:3      | Gained mutation: You are slightly more attuned to the shadows. [demonic ancestry]
  2071 | D:3      | Reached XP level 5. HP: 32/38 MP: 5/5
  2277 | D:3      | HP: 1/38 [adder (3)]
  2279 | D:3      | Succumbed to an adder's poison

Skill      XL: |  1  2  3  4 |
---------------+-------------+-----
Axes           | 3 4 5 |  5.3
Fighting       | |  2.0
Throwing       | |  1.7
Dodging        | |  2.6

Action                   |  1- 3 |  4- 6 || total
-------------------------+-------+-------++-------
Melee: War axe           |    95 |   100 ||   195
 Stab: Sleeping          |     4 |     1 ||     5
  Eat: Chunk             |     1 |     3 ||     4
Armor: Leather armour    |    33 |    35 ||    68
Dodge: Dodged            |    69 |    70 ||   139
